 Dungeon Crawl Stone Soup version 0.28-b1-25-g9875b3fc8c (webtiles) character file.

Game seed: 2793560807433996982

1517 Anothat the Blocker (level 9, -2/72 HPs)
             Began as a Formicid Fighter on Feb 5, 2022.
             Killed from afar by a steam dragon (9 damage)
             ... with a ball of steam
             ... on level 6 of the Dungeon.
             The game lasted 00:10:39 (6994 turns).

Anothat the Blocker (Formicid Fighter)              Turns: 6994, Time: 00:10:39

Health: -2/72      AC: 10    Str: 25    XL:     9   Next: 9%
Magic:  9/9        EV: 10    Int:  8    God:
Gold:   286        SH:  5    Dex: 10    Spells: 8/8 levels left

rFire   . . .      SeeInvis +   h - +3 whip (venom)
rCold   . . .      Faith    .   c - +0 buckler
rNeg    . . .      Spirit   .   e - +0 acid dragon scales
rPois   .          Reflect  .   (helmet unavailable)
rElec   .          Harm     .   g - +1 cloak
rCorr   +          Rampage  .   (no gloves)
Will    .....                   (no boots)
Stlth   +.........              (no amulet)
HPRegen 0.22/turn               (no ring)
MPRegen 0.11/turn               (no ring)

@: no status effects
A: permanent stasis, dig shafts and tunnels, antennae 3, four strong arms
a: Dig, Shaft Self


You were on level 6 of the Dungeon.
You visited 1 branch of the dungeon, and saw 6 of its levels.
You also visited: Sewer.

You collected 358 gold pieces.
You spent 72 gold pieces at shops.

Inventory:

Hand Weapons
 a - a +0 war axe
 h - a +3 whip of venom (weapon)
Armour
 b - a +0 scale mail
 c - a +0 buckler (worn)
 e - +0 acid dragon scales (worn)
 g - a +1 cloak (worn)
Jewellery
 m - a +4 ring of protection
 t - an amulet of magic regeneration
 u - a ring of fire
 w - a +6 ring of strength
Wands
 d - a wand of paralysis (2)
 n - a wand of charming (12)
 o - a wand of flame (7)
Scrolls
 i - 4 scrolls of teleportation
 l - a scroll of enchant armour
Potions
 f - a potion of haste {unknown}
 k - 2 potions of brilliance
 p - 2 potions of attraction {unknown}
 v - 6 potions of flight


   Skills:
 + Level 7.5 Fighting
 - Level 2.1 Axes
 + Level 7.5 Armour
 + Level 8.2 Shields


You had 8 spell levels left.
You didn't know any spells.
Your spell library contained the following spells:

 Spells                   Type           Power      Damage    Failure   Level
 Animate Skeleton         Necr           0%         N/A       52%         1
 Pain                     Necr           0%         1d4       52%         1
 Ozocubu's Armour         Ice            0%         N/A       88%         3
 Vampiric Draining        Necr           0%         2d6       88%         3
 Metabolic Englaciation   Hex/Ice        0%         N/A       100%        5
 Simulacrum               Ice/Necr       0%         N/A       100%        6


Dungeon Overview and Level Annotations

Branches:
Dungeon (6/15)              Sewer (visited)
 Temple: D:4-7

Altars:
Elyvilon
Gozag
Nemelex Xobeh
Uskayaw

Shops:
D:1 **!   D:3 *


Innate Abilities, Weirdness & Mutations

You cannot be hasted, slowed, berserked, paralysed or teleported.
You can dig through walls and to a lower floor.
You have a pair of large antennae on your head. (SInv)
Your four strong arms can wield two-handed weapons with a shield.


Message History

You finish taking off your +0 scale mail.
You start putting on your armour.
You continue putting on your +0 acid dragon scales. x5
You finish putting on your +0 acid dragon scales.
You start resting.
You sense a monster nearby.
You start resting.
A steam dragon comes into view.
A steam dragon is nearby!
You start resting.
A steam dragon is nearby!
A steam dragon is nearby!
The steam dragon breathes steam at you. The ball of steam hits you!
* * * LOW HITPOINT WARNING * * *
You hit the steam dragon.
The steam dragon is poisoned.
The steam dragon is lightly wounded.
You are engulfed in a cloud of scalding steam.
* * * LOW HITPOINT WARNING * * *
You block the steam dragon's attack. The steam dragon claws you.
* * * LOW HITPOINT WARNING * * *
You hit the steam dragon.
The steam dragon looks as sick as possible!
The steam dragon is lightly wounded.
You are engulfed in a cloud of scalding steam.
The steam dragon closely misses you.
The steam dragon claws you but does no damage.
You hit the steam dragon.
The steam dragon looks as sick as possible!
The steam dragon is heavily wounded.
You are engulfed in a cloud of scalding steam.
* * * LOW HITPOINT WARNING * * *
You block the steam dragon's attack. The steam dragon claws you.
* * * LOW HITPOINT WARNING * * *
Okay, then.
You hit the steam dragon.
The steam dragon is severely wounded.
The steam dragon breathes steam at you. The ball of steam hits you!
You die...

#.. #.# #D# #.# #
.##########.######..
........##.........
#@##.≈≈≈≈≈≈§.
#.D)...§§≈≈≈≈.
####.8...$§≈≈.
#...§§≈≈≈≈.
#.§§§§§≈§..
#...§§.....
######..###....
##...........#..
##...............


You could see a steam dragon (extremely poisoned, catching breath).

Vanquished Creatures
  Maggie (D:6)
  Edmund (D:5)
  2 necrophages
  A black bear (D:6)
  2 ogres (D:4)
  A centaur (D:5)
  A hound (D:5)
  4 orc priests (D:5)
  5 orc wizards
  3 iguanas
  A merfolk siren (Sewer)
  A merfolk avatar (Sewer)
  A hound zombie (D:5)
  A howler monkey skeleton (D:5)
  3 river rats (Sewer)
  5 adders
  2 ufetubi
  An adder skeleton (D:4)
  A worm (D:5)
  A dart slug (D:3)
  14 orcs
  3 bats
  3 endoplasms
  5 giant cockroaches
  4 goblins
  8 hobgoblins
  2 jackals (D:1)
  3 kobolds
  7 quokkas
  14 ball pythons
  7 frilled lizards
  21 rats
129 creatures vanquished.

Vanquished Creatures (collateral kills)
  A jelly (D:5)
1 creature vanquished.

Grand Total: 130 creatures vanquished

Notes
Turn   | Place    | Note
-------+----------+-------------------------------------------
     0 | D:1      | Anothat the Formicid Fighter began the quest for the Orb.
     0 | D:1      | Reached XP level 1. HP: 18/18 MP: 1/1
   165 | D:1      | Reached XP level 2. HP: 24/24 MP: 2/2
   165 | D:1      | Found Qeiromm's Assorted Antiques.
   198 | D:1      | Found Vuiseet's Distillery.
   517 | D:1      | Found a faded altar of an unknown god.
   783 | D:1      | Found Zyimoext's Assorted Antiques.
   826 | D:1      | Reached skill level 4 in Shields
  1193 | D:2      | Reached XP level 3. HP: 29/30 MP: 3/3
  1874 | D:3      | Found Aniqoh's General Store.
  1920 | D:3      | Bought 2 potions of curing for 72 gold pieces
  1960 | D:3      | Reached XP level 4. HP: 20/37 MP: 4/4
  2306 | D:3      | Noticed a necrophage
  2327 | D:3      | Killed a necrophage
  2328 | D:3      | Reached XP level 5. HP: 36/43 MP: 5/5
  2410 | D:3      | Reached skill level 5 in Shields
  2461 | D:3      | Identified the +1 hunting sling "Panoecez" {flame, Will++
                  | Dex-4}
  2473 | D:3      | Reached XP level 6. HP: 47/49 MP: 6/6
  2753 | D:4      | Noticed a necrophage
  2767 | D:4      | Killed a necrophage
  2768 | D:4      | Reached skill level 5 in Fighting
  2768 | D:4      | Reached skill level 5 in Armour
  2915 | D:4      | Noticed an ogre
  2929 | D:4      | Killed an ogre
  2930 | D:4      | Reached XP level 7. HP: 39/56 MP: 7/7
  3000 | D:4      | Found a glowing drain.
  3030 | Sewer    | Entered a sewer
  3299 | Sewer    | Reached skill level 6 in Shields
  4992 | D:5      | Entered Level 5 of the Dungeon
  5016 | D:5      | Found a white marble altar of Elyvilon.
  5096 | D:5      | Reached XP level 8. HP: 52/64 MP: 8/8
  5325 | D:5      | Found a sparkling altar of Nemelex Xobeh.
  5415 | D:5      | Reached skill level 7 in Shields
  5797 | D:5      | Found a hide-covered altar of Uskayaw.
  5826 | D:5      | Noticed a +0 dagger
  5826 | D:5      | Noticed Edmund
  5827 | D:5      | Noticed a +0 hand axe
  5848 | D:5      | Killed Edmund
  6498 | D:5      | HP: 3/65 [iguana (9)]
  6904 | D:6      | Found an opulent altar of Gozag.
  6911 | D:6      | Noticed Maggie
  6935 | D:6      | Killed Maggie
  6936 | D:6      | Reached skill level 8 in Shields
  6936 | D:6      | Reached XP level 9. HP: 21/72 MP: 9/9
  6994 | D:6      | Killed from afar by a steam dragon

Illustrated notes

Levels and vault maps discovered:
D:1:      beargit_arrival_diablo_church, layout_loops_ring, serial_shops, shop,
          shop, nicolae_shop_crystal, shapermc_ecumenical_altar_mp_vishouse
D:2:      layout_rooms, serial_forest, infiniplex_forest_clump_small,
          infiniplex_forest_lined_2, infiniplex_forest_straight_5,
          infiniplex_forest_clump_long, infiniplex_forest_clump_C,
          infiniplex_forest_clump_double, infiniplex_forest_clump_small,
          infiniplex_forest_straight_2
D:3:      layout_basic, serial_shops, shop_fountains
D:4:      layout_basic, gup_sewer_entry_pipe
D:5:      layout_basic, dancing_weapons_uskayaw,
          nicolae_elyvilon_peaceful_grove, mainiacjoe_overflow_surrounded_room,
          uniq_edmund
D:6:      layout_rooms, kennysheep_mini, mainiacjoe_overflow_catwalk,
          moated_statue, kennysheep_generic_room_8, uniq_prince_ribbit1,
          uniq_maggie

Skill      XL: |  1  2  3  4  5  6  7  8 |
---------------+-------------------------+-----
Shields        | 4 5 6 8 |  8.2
Fighting       | 4 5 6 7 |  7.5
Armour         | 4 5 6 7 |  7.5
Axes           | |  2.1

Action                   |  1- 3 |  4- 6 |  7- 9 || total
-------------------------+-------+-------+-------++-------
Melee: War axe           |    10 |       |       ||    10
       Whip              |    66 |    78 |   305 ||   449
Evoke: Wand              |       |       |    10 ||    10
  Use: Scroll            |       |       |     8 ||     8
       Potion            |       |       |     6 ||     6
 Stab: Paralysed         |       |       |    23 ||    23
Armor: Scale mail        |    33 |    34 |   125 ||   192
       Acid dragon scale |       |       |     2 ||     2
Dodge: Dodged            |    37 |    31 |   137 ||   205
Block: Buckler           |    11 |    14 |    81 ||   106
